AoeStats
← Pumchakalaka

Black Forest

509215477Analyzed
2v2 RM · 6d ago on Sep 25, 2026· 48m 14s· 4 players
Game mode
Random Map
Map size
Medium (4 player)
Population
200
Speed
Normal
Resources
Standard
Victory
Conquest
Starting age
Dark Age
Ending age
Imperial Age
RankedLock teamsTeams togetherTeam positionsShared explorationLock speedFull tech treeHidden civsTurbo modeCheats
Victory
Defeat
🇩🇪 Spanish · Germany
786
+4
🇵🇹 Portuguese · Portugal
686
+5
🇫🇷 Celts · France
467
-5
🇧🇴 Mongols · Bolivia
379
-4
alisonsalazarc
17:24 Feudal Age
19:48 Double-Bit Axe
27:09 Castle Age
28:36 Squires
28:22 Arson
31:59 Bow Saw
31:49 Gold Mining
39:21 Pikeman
45:25 Imperial Age
45:49 Ballistics
47:05 Parthian Tactics
Pumchakalaka
1:30 Loom
14:54 Feudal Age
16:24 Double-Bit Axe
17:33 Horse Collar
19:29 Wheelbarrow
21:58 Town Watch
23:25 Scale Mail Armor
23:37 Forging
23:19 Fletching
24:09 Stone Mining
26:56 Castle Age
26:11 Town Watch
26:40 Forging
27:53 Bow Saw
27:45 Heavy Plow
27:40 Gold Mining
27:41 Stone Mining
27:54 Arson
29:40 Hand Cart
36:01 Stone Shaft Mining
36:04 Gold Shaft Mining
37:58 Masonry
38:02 Stronghold
39:14 Husbandry
38:41 Light Cavalry
41:38 Chain Mail Armor
41:59 Iron Casting
hoodwatcher609
12:47 Feudal Age
17:23 Castle Age
16:55 Double-Bit Axe
16:55 Horse Collar
17:12 Stone Mining
17:30 Gold Mining
29:44 Imperial Age
29:13 Wheelbarrow
29:09 Bow Saw
29:13 Forging
29:04 Scale Mail Armor
29:15 Scale Barding Armor
33:20 Chemistry
33:06 Hand Cart
33:14 Squires
32:35 Pikeman
33:33 Chain Mail Armor
34:37 Heavy Plow
34:21 Halberdier
34:47 Arson
37:08 Plate Mail Armor
37:14 Iron Casting
37:36 Elite Conquistador
43:29 Caravan
49:26 Blast Furnace
48:47 Chain Barding Armor
dvdsnts13
0:26 Loom
14:20 Feudal Age
15:55 Wheelbarrow
15:06 Town Watch
15:05 Horse Collar
15:14 Double-Bit Axe
15:22 Gold Mining
15:22 Stone Mining
23:13 Castle Age
24:18 Hand Cart
24:04 Town Patrol
24:17 Bow Saw
24:10 Heavy Plow
24:48 Stone Shaft Mining
34:08 Imperial Age
38:00 Two-Man Saw
37:33 Crop Rotation
38:07 Chemistry
37:28 Ballistics
36:51 Treadmill Crane
37:22 Masonry
37:18 Siege Engineers
37:09 Murder Holes
37:24 Fortified Wall
37:06 Guard Tower
37:07 Heated Shot
37:31 Forging
37:22 Scale Mail Armor
37:13 Fletching
37:27 Padded Archer Armor
38:50 Gambesons
38:26 Pikeman
38:52 Arson
39:46 Iron Casting
39:27 Chain Mail Armor
39:08 Bodkin Arrow
39:39 Bombard Tower
39:52 Caravan
40:37 Conscription
40:34 Arquebus
41:00 Leather Archer Armor
40:55 Halberdier
42:48 Architecture
43:21 Blast Furnace
42:52 Plate Mail Armor
42:23 Bracer
43:02 Ring Archer Armor
43:12 Elite Organ Gun
Connection lost

Rejoining the realm…

Still unreachable

The connection could not be restored.

Session expired

The server has moved on; the page needs a fresh start.